 Dungeon Sprint DCSS version 0.26.1-2-gb8aa6d0cf2 (webtiles) character file.

Game seed: 1053945798255745059

671 Groucho the Unseen (level 7, -2/32 HPs)
             Began as a Spriggan Enchanter on Feb 21, 2021.
             Was a Priest of Kikubaaqudgha.
             Slain by a gnoll
             ... wielding a +1 halberd of protection
              (13 damage)
             ... in the Dungeon (Sprint VII: "The Pits").
             The game lasted 00:03:22 (878 turns).

Groucho the Unseen (Spriggan Enchanter)              Turns: 878, Time: 00:03:23

Health: -2/32      AC:  2    Str:  6    XL:     7   Next: 32%
Magic:  4/20       EV: 18    Int: 17    God:    Kikubaaqudgha [***...]
Gold:   0          SH:  0    Dex: 16    Spells: 12/24 levels left

rFire    . . .     SeeInvis +   a - +2 dagger
rCold    . . .     Faith    .   (shield restricted)
rNeg     . . .     Spirit   .   b - +0 robe
rPois    .         Reflect  .   (helmet restricted)
rElec    .         Harm     .   (no cloak)
rCorr    .         Rampage  .   (gloves unavailable)
Will     +....     NoTele   +   (boots unavailable)
Stlth    ++++++....             (no amulet)
HPRegen  0.10/turn              (no ring)
MPRegen  0.17/turn              (no ring)

@: very quick
A: very small, unfitting armour, see invisible, speed 3
a: Renounce Religion, Receive Corpses


You were in the Dungeon.
You worshipped Kikubaaqudgha.
Kikubaaqudgha was most pleased with you.
You visited 1 branch

Inventory:

Hand Weapons
 a - a +2 dagger (weapon)
Missiles
 m - 10 stones
Armour
 b - a +0 robe (worn)
Scrolls
 i - a scroll of blinking
 j - 3 scrolls of remove curse
 k - 5 scrolls of amnesia
 l - a scroll of summoning
Potions
 c - 2 potions of invisibility
 d - 6 potions of curing
 e - 5 potions of heal wounds
 f - a potion of haste
 g - 4 potions of magic
 h - 2 potions of berserk rage


   Skills:
 - Level 1.1 Short Blades
 - Level 3.0 Dodging
 * Level 15.4 Stealth
 + Level 9.0 Spellcasting
 + Level 9.3 Hexes
 + Level 6.4 Necromancy


You had 12 spell levels left.
You knew the following spells:

 Your Spells              Type           Power        Failure   Level
a - Corona                Hex            43%          1%          1
b - Ensorcelled Hibernat  Hex/Ice        46%          1%          2
c - Confusing Touch       Hex            39%          1%          3
d - Tukima's Dance        Hex            39%          1%          3
e - Dazzling Flash        Conj/Hex       46%          4%          3

Your spell library contained the following spells:

 Spells                   Type           Power        Failure   Level
 Pain                     Necr           100%         1%          1
 Sublimation of Blood     Necr           14%          1%          2
 Vampiric Draining        Necr           14%          1%          3
 Corpse Rot               Necr/Air       N/A          3%          2
 Dispel Undead            Necr           29%          7%          4
 Excruciating Wounds      Necr           14%          19%         5
 Borgnjor's Vile Clutch   Necr/Erth      9%           56%         5
 Death Channel            Necr           14%          71%         6
 Simulacrum               Ice/Necr       9%           98%         6


Dungeon Overview and Level Annotations

Branches:
Dungeon (1/1)

Altars:
Ashenzari
Cheibriados
Dithmenos
Elyvilon
Fedhas
Gozag
Hepliaklqana
Kikubaaqudgha
Makhleb
Nemelex Xobeh
Okawaru
Qazlal
Ru
Sif Muna
Trog
Uskayaw
Vehumet
Wu Jian
Xom
Yredelemnul
Zin
The Shining One
Beogh
Jiyva
Lugonu


Innate Abilities, Weirdness & Mutations

You are very small and have problems with some larger weapons.
You are too small for most types of armour.
You have supernaturally acute eyesight. (SInv)
You cover ground extremely quickly.


Message History

The gnoll shaman misses you. The gnoll closely misses you.
You finish memorising.
Spell assigned to 'e'.
Unknown command.
Unknown command.
Casting: Ensorcelled Hibernation (safe; 1% risk of failure)
Confirm with . or Enter, or press ? or * to list all spells.
Your hands begin to glow red.
You hit the gnoll shaman but do no damage.
The gnoll shaman appears confused.
The gnoll shaman is lightly wounded.
The gnoll shaman closely misses you.
The gnoll hits you from afar with a +0 spear.
Casting: Confusing Touch (safe; 1% risk of failure)
Confirm with . or Enter, or press ? or * to list all spells.
Your hands begin to glow red.
The gnoll hits you with a +0 spear!
You hit the gnoll but do no damage.
The gnoll appears confused.
The gnoll hits you from afar with a +1 halberd of protection!
You die...
Kikubaaqudgha rasps: "You have failed me!
Welcome... death!"

############
#_________.#
#_________.#
#_______...###########++
##########'##...........
#.?..')))'.##......#..#.
##########.##g..........
#...........'g..........
#'#####)#####.g@...#..#.
#.#...#.#..##...........
#g#...#)#))#####'#####+
#.#...'.#))##.......#
#g##'####))##.......#
#.#.....#[[##.......#
#)#.....#'###...<...#
#.#........##.......#
#.#........##.......#


You could see a gnoll shaman (confused) and 2 gnolls.

Vanquished Creatures
  Pikel (D)
  A fire bat (D)
  A bullfrog (D)
  A worker ant (D)
  A gnoll (D)
  An ufetubus (D)
  An ooze (D)
  An orc (D)
  A bat skeleton (D)
  2 frilled lizards (D)
  A rat (D)
12 creatures vanquished.

Notes
Turn   | Place    | Note
-------+----------+-------------------------------------------
     0 | D        | Groucho the Spriggan Enchanter began the quest for the Orb.
     0 | D        | Reached XP level 1. HP: 9/9 MP: 5/5
    12 | D        | Reached skill level 5 in Stealth
    39 | D        | Found a bloodstained altar of Trog.
    39 | D        | Found a shimmering blue altar of Sif Muna.
    39 | D        | Found a viscous altar of Jiyva.
    39 | D        | Found a hazy altar of Hepliaklqana.
    39 | D        | Found an opulent altar of Gozag.
    40 | D        | Found a glowing golden altar of the Shining One.
    40 | D        | Found a glowing silver altar of Zin.
    40 | D        | Found a basalt altar of Yredelemnul.
    40 | D        | Found a shimmering altar of Xom.
    40 | D        | Found an ornate altar of the Wu Jian Council.
    40 | D        | Found a sacrificial altar of Ru.
    40 | D        | Found a stormy altar of Qazlal.
    40 | D        | Found an iron altar of Okawaru.
    40 | D        | Found a sparkling altar of Nemelex Xobeh.
    40 | D        | Found a burning altar of Makhleb.
    40 | D        | Found a blossoming altar of Fedhas.
    40 | D        | Found a white marble altar of Elyvilon.
    40 | D        | Found a shadowy altar of Dithmenos.
    40 | D        | Found a snail-covered altar of Cheibriados.
    43 | D        | Found a corrupted altar of Lugonu.
    43 | D        | Found a radiant altar of Vehumet.
    43 | D        | Found a roughly hewn altar of Beogh.
    44 | D        | Found an ancient bone altar of Kikubaaqudgha.
    44 | D        | Found a hide-covered altar of Uskayaw.
    44 | D        | Found a broken altar of Ashenzari.
    52 | D        | Became a worshipper of Kikubaaqudgha
    69 | D        | Reached skill level 6 in Stealth
    72 | D        | Reached skill level 1 in Necromancy
    73 | D        | Noticed a worker ant
    74 | D        | Reached * piety under Kikubaaqudgha
    74 | D        | Identified Kikubaaqudgha's Volume of Sinister Magic
                  | (Kikubaaqudgha gifted it to you in the Dungeon)
    74 | D        | Received a gift from Kikubaaqudgha
    88 | D        | Killed a worker ant
    89 | D        | Reached skill level 7 in Stealth
    89 | D        | Reached XP level 2. HP: 13/13 MP: 6/8
    89 | D        | Reached XP level 3. HP: 16/16 MP: 6/9
   140 | D        | Learned a level 2 spell: Ensorcelled Hibernation
   144 | D        | Learned a level 3 spell: Confusing Touch
   148 | D        | Learned a level 3 spell: Tukima's Dance
   150 | D        | Noticed Pikel
   150 | D        | Noticed a lemure
   150 | D        | Noticed a lemure
   150 | D        | Noticed a lemure
   150 | D        | Noticed a lemure
   166 | D        | Reached ** piety under Kikubaaqudgha
   167 | D        | Reached skill level 8 in Stealth
   404 | D        | Killed Pikel
   405 | D        | Reached skill level 14 in Stealth
   405 | D        | Reached skill level 5 in Necromancy
   405 | D        | Reached XP level 4. HP: 10/21 MP: 5/15
   405 | D        | Reached XP level 5. HP: 12/24 MP: 5/16
   405 | D        | Reached XP level 6. HP: 14/28 MP: 5/18
   794 | D        | Reached XP level 7. HP: 32/32 MP: 17/20
   814 | D        | Noticed a fire bat
   839 | D        | Killed a fire bat
   839 | D        | Reached *** piety under Kikubaaqudgha
   839 | D        | Identified Kikubaaqudgha's Almanac of Sinister Magic
                  | (Kikubaaqudgha gifted it to you in the Dungeon)
   839 | D        | Received a gift from Kikubaaqudgha
   840 | D        | Reached skill level 15 in Stealth
   870 | D        | Learned a level 3 spell: Dazzling Flash
   878 | D        | Slain by a gnoll

Illustrated notes

Levels and vault maps discovered:
D:        pitsprint [storerooms_1, entrance_room_1, metal_vault_6, armoury_3,
          mini_pit_1, grid_room_1, main_hall_1, silver_pit, the_coven_2,
          the_vestibule_1, steel_vault_3, golden_pit, hallway_of_sentries,
          crystal_vault_4, iron_vault_4, final_vault]

Skill      XL: |  1  2  3  4  5  6  7 |
---------------+----------------------+-----
Stealth        | 7 14 15 | 15.4
Spellcasting   | 4 8 9 |  9.0
Hexes          | 4 8 9 |  9.3
Necromancy     | 2 5 6 |  6.4
Short Blades   | |  1.1
Dodging        | |  3.0

Action                   |  1- 3 |  4- 6 |  7- 9 || total
-------------------------+-------+-------+-------++-------
Melee: Dagger            |    23 |     2 |    12 ||    37
 Cast: Confusing Touch   |     3 |       |     3 ||     6
       Ensorcelled Hiber |     2 |     1 |     7 ||    10
       Corona            |       |     1 |       ||     1
  Use: Potion            |     1 |       |     1 ||     2
 Stab: Sleeping          |     5 |     1 |     1 ||     7
       Confused          |     3 |       |       ||     3
       Distracted        |       |     1 |       ||     1
Armor: Robe              |     1 |       |       ||     1
Dodge: Dodged            |    14 |       |    13 ||    27
